 Dungeon Crawl Stone Soup version 0.31-a0-246-g8cbcc1cb85 (webtiles) character file.

Game seed: 5219287981343726496

2612 cforsyth the Grappler (level 9, -6/72 HPs)
             Began as an Ogre Shapeshifter on July 13, 2023.
             Was a Follower of Hepliaklqana.
             Mangled by a gargoyle
             ... wielding a +0 mace
              (19 damage)
             ... in a bailey.
             The game lasted 00:10:13 (5905 turns).

cforsyth the Grappler (Ogre Shapeshifter)           Turns: 5905, Time: 00:10:13

Health: -6/72      AC:  5    Str: 31    XL:     9   Next: 60%
Magic:  9/9        EV:  9    Int:  9    God:    Hepliaklqana [*.....]
Gold:   230        SH:  0    Dex:  9    Spells: 8/8 levels left

rFire   . .          .
                       - Unarmed
rCold   . . .        (no shield)
rNeg    . . .        l - +0 troll leather armour {Pargi}
rPois   .            (helmet currently unavailable)
rElec   .            (cloak currently unavailable)
rCorr   .            (gloves unavailable)
SInv    .            (boots unavailable)
Will    +....        (no amulet)
Stlth   +            e - +6 ring of strength
HPRegen 1.12/turn    s - ring of willpower
MPRegen 0.11/turn

%: no passive effects
@: beast-form
A: beast (slay +5), reduced essence, large, unfitting armour, tough skin 1
a: Renounce Religion, Recall Ancestor, Ancestor Identity


You were in a bailey.
You worshipped Hepliaklqana.
Hepliaklqana was aware of your devotion.
You were a hulking beast.
You visited 2 branches of the dungeon, and saw 8 of its levels.
You also visited: Sewer and Bailey.

You collected 230 gold pieces.

Inventory:

Missiles
 q - 2 throwing nets
Armour
 a - a +0 animal skin
 l - a +0 troll leather armour (worn) {Pargi}
Jewellery
 e - a +6 ring of strength (left hand)
 s - a ring of willpower (right hand)
Talismans
 c - a beast talisman
Wands
 m - a wand of paralysis (19)
 p - a wand of mindburst (13)
 w - a wand of acid (5)
 x - a wand of roots (15)
 y - a wand of flame (17)
Scrolls
 d - 7 scrolls of teleportation
 g - a scroll of blinking {unknown}
 i - a scroll of amnesia {unknown}
 k - 2 scrolls of fear
 n - a scroll of poison
 u - a scroll of revelation
Potions
 b - a potion of lignification
 f - a potion of attraction
 h - 2 potions of mutation
 j - a potion of enlightenment {unknown}
 r - a potion of might {unknown}
 t - 2 potions of heal wounds
 v - 3 potions of curing
 z - a potion of magic {unknown}


   Skills:
 - Level 2.6 Fighting
 - Level 1.7 Dodging
 + Level 8.5 Unarmed Combat
 + Level 8.2 Shapeshifting


You had 8 spell levels left.
You didn't know any spells.
Your spell library contained the following spells:

 Spells                   Type           Power      Damage    Failure   Level
 Slow                     Hex            0%         N/A       41%         1
 Blink                    Tloc           0%         N/A       56%         2
 Lesser Beckoning         Tloc           0%         N/A       56%         2
 Momentum Strike          Conj/Tloc      0%         3d8       56%         2
 Confusing Touch          Hex            0%         N/A       80%         3
 Vampiric Draining        Necr           0%         2d6       80%         3


Dungeon Overview and Level Annotations

Branches:
Dungeon (7/15)             Temple (1/1) D:6           Sewer (visited)
 Bailey (1/1)

Altars:
Ashenzari
Cheibriados
Dithmenos
Elyvilon
Fedhas
Gozag
Hepliaklqana
Makhleb
Nemelex Xobeh
Okawaru
Ru
Sif Muna
Trog
Uskayaw
Vehumet
Wu Jian
Yredelemnul
Zin
The Shining One

Shops:
D:1 =   D:5 [=

Annotations:
D:2 1 runed translucent door, Crazy Yiuf


Innate Abilities, Weirdness & Mutations

You are a hulking beast.
Your limbs bulge with bestial killing power. (Slay +5)
Your life essence is reduced to manifest your ancestor. (-10% HP)
You are too large for most types of armour.
You have tough skin. (AC +1)


Message History

No target in view!
No target in view!
No target in view!
No target in view!
You see here a +0 spear.
You swap places.
A gargoyle comes into view. It is wielding a +0 mace.
The gargoyle hurls a stone arrow at you.
The stone arrow hits you!
The gargoyle hurls a stone arrow at you.
The stone arrow misses you.
You hit the gargoyle.
The gargoyle is lightly damaged.
Mirko barely misses the gargoyle.
The gargoyle barely misses you.
You hit the gargoyle but do no damage.
The gargoyle is lightly damaged.
Mirko hits the gargoyle but does no damage.
The gargoyle hits you with a +0 mace.
You hit the gargoyle.
The gargoyle is moderately damaged.
Mirko hits the gargoyle.
The gargoyle hurls a stone arrow at you.
The stone arrow hits you!!
You hit the gargoyle but do no damage.
The gargoyle is moderately damaged.
Mirko hits the gargoyle but does no damage.
You hit the gargoyle.
The gargoyle is heavily damaged.
The gargoyle hurls a stone arrow at you.
The stone arrow hits you!
Mirko hits the gargoyle but does no damage.
You hit the gargoyle.
The gargoyle is heavily damaged.
The gargoyle hurls a stone arrow at you.
The stone arrow hits you!
* * * LOW HITPOINT WARNING * * *
You hit the gargoyle but do no damage.
The gargoyle is heavily damaged.
Mirko hits the gargoyle.
The gargoyle hits you with a +0 mace!!
You die...

### #### #.. #### #
#..##.. ...# ####..
#..#.. ...#+##......
#..'. ...........♣.
#..' #.......♣....
#.9# .............
#Rh## .......♣.....
#...##
#....♣)).....##....###
...♣.♣......##......8#
.......♣...##.))##...#
............#..).##..#
.......♣....##....#..#
.♣.♣.........##...#..#
..♣...######......#..#


You could see the friendly Mirko the ancestor and a gargoyle (ally target).

Vanquished Creatures
  A troll (D:5)
  Prince Ribbit (D:6)
  Duvessa (D:6)
  An orc warrior (D:5)
  Pargi (Sewer)
  An ice beast (D:6)
  2 ogres
  A kobold brigand (D:4)
  A bullfrog (D:6)
  A gnoll sergeant (D:6)
  3 scorpions
  Dowan (D:6)
  5 vampire bats (Bailey)
  5 hounds
  2 jellies (D:5)
  4 orc priests
  3 sleepcaps (D:6)
  Jessica (D:2)
  2 orc wizards
  3 iguanas
  Terence (D:3)
  11 gnolls
  8 adders
  2 white imps (D:6)
  2 ufetubi
  3 worms
  2 dart slugs
  23 orcs
  8 ball pythons
  5 endoplasms
  5 giant cockroaches
  7 goblins
  8 hobgoblins
  3 jackals (D:4)
  17 kobolds
  3 quokkas
  12 bats
  12 frilled lizards
  10 orc zombies (Bailey)
  9 rats
191 creatures vanquished.

Vanquished Creatures (collateral kills)
  A bullfrog (D:7)
  2 orc zombies (Bailey)
3 creatures vanquished.

Grand Total: 194 creatures vanquished

Notes
Turn   | Place    | Note
-------+----------+-------------------------------------------
     0 | D:1      | cforsyth the Ogre Shapeshifter began the quest for the Orb.
     0 | D:1      | Reached XP level 1. HP: 22/22 MP: 1/1
   109 | D:1      | Reached XP level 2. HP: 29/29 MP: 2/2
   309 | D:1      | Reached XP level 3. HP: 36/36 MP: 3/3
   420 | D:1      | Found a faded altar of an unknown god.
   526 | D:1      | Found Dics's One-of-a-Kind Rings.
  1021 | D:2      | Noticed Jessica
  1033 | D:2      | Killed Jessica
  1034 | D:2      | Reached XP level 4. HP: 34/44 MP: 4/4
  1562 | D:2      | Found a runed translucent door.
  1563 | D:2      | Noticed Crazy Yiuf
  1594 | D:2      | Reached XP level 5. HP: 50/50 MP: 5/5
  1681 | D:3      | Noticed Terence
  1692 | D:3      | Killed Terence
  1981 | D:3      | Found a glowing drain.
  1985 | Sewer    | Entered a sewer
  2063 | Sewer    | Noticed Pargi
  2079 | Sewer    | Killed Pargi
  2080 | Sewer    | Reached XP level 6. HP: 17/59 MP: 6/6
  2756 | D:4      | Reached skill level 5 in Shapeshifting
  2756 | D:4      | Reached XP level 7. HP: 41/66 MP: 7/7
  2916 | D:4      | Reached skill level 5 in Unarmed Combat
  2975 | D:4      | Found a glowing golden altar of the Shining One.
  2975 | D:4      | Found a faded altar of an unknown god.
  2993 | D:4      | Found an opulent altar of Gozag.
  2995 | D:4      | Found a faded altar of an unknown god.
  2997 | D:4      | Found a snail-covered altar of Cheibriados.
  3565 | D:5      | Entered Level 5 of the Dungeon
  3567 | D:5      | Found Zuqir's Armour Emporium.
  3598 | D:5      | Reached XP level 8. HP: 47/74 MP: 8/8
  3758 | D:5      | Found Awion's Jewellery Shoppe.
  4052 | D:5      | Noticed a troll
  4060 | D:5      | Killed a troll
  4216 | D:5      | Found an iron altar of Okawaru.
  4640 | D:6      | Noticed Dowan
  4640 | D:6      | Noticed Duvessa
  4665 | D:6      | Killed Duvessa
  4666 | D:6      | Reached XP level 9. HP: 57/80 MP: 9/9
  4684 | D:6      | Killed Dowan
  4734 | D:6      | Found a staircase to the Ecumenical Temple.
  4791 | D:6      | Noticed Prince Ribbit
  4796 | Temple   | Entered the Ecumenical Temple
  4801 | Temple   | Became a worshipper of Hepliaklqana the Forgotten
  4822 | D:6      | Killed Prince Ribbit
  5712 | D:7      | Reached * piety under Hepliaklqana
  5721 | D:7      | Found a flagged portal.
  5741 | Bailey   | Entered a bailey
  5892 | Bailey   | Noticed a gargoyle
  5905 | Bailey   | Mangled by a gargoyle

Illustrated notes

Levels and vault maps discovered:
D:1:      dpeg_arrival_tiny_a, layout_loops_cross,
          hellmonk_ecumenical_altar_crossroads, nicolae_shop_unique_rings,
          minmay_misc_feat_nine_boxes, st_stairs_10, dreamdust_princess_bridge,
          minmay_misc_feat_roman
D:2:      wad_pebble_path, layout_rooms, uniq_jessica, uniq_crazy_yiuf_cottage
D:3:      minmay_spotlight, layout_rooms, gup_sewer_entry_spiral, uniq_terence
D:4:      layout_basic, chequers_temple_overflow_minitemple,
          lexackson_kobold_supper
D:5:      layout_basic, mainiacjoe_overflow_alcove_1, serial_shops, shop,
          nicolae_shop_tiny_real_fake_doors, minmay_small_thing
D:6:      layout_loops_ring, minmay_temple_entry_butterflies,
          serial_co_window_serial, co_window_paths_a, co_window_corner_a,
          co_window_paths_a, co_window_paths_b, co_window_paths_b,
          co_window_cross_1, co_window_corner_a, co_window_unsneaky_path_d,
          co_window_broadway_c, co_window_paths_c, co_window_paths_e,
          glass_columns_a, glass_columns_b, glass_columns_a, glass_columns_a,
          uniq_duvessa, uniq_prince_ribbit1
D:7:      layout_basic, grunt_qazlal_sundering, tgw_xom, enter_bailey_3,
          nicolae_shop_vocational
Temple:   minmay_freezing_vapour_temple
Bailey:   bailey_polearm_vampire_castle_hellmonk, bailey

Skill      XL: |  1  2  3  4  5  6  7  8  9 |
---------------+----------------------------+-----
Unarmed Combat | 2 3 4 5 7 8 |  8.5
Shapeshifting  | 4 5 6 7 8 |  8.2
Fighting       | |  2.6
Dodging        | |  1.7

Action                     |  1- 3 |  4- 6 |  7- 9 || total
---------------------------+-------+-------+-------++-------
  Melee: Unarmed           |    93 |   149 |   264 ||   506
         Punch             |     2 |     7 |    12 ||    21
    Use: Scroll            |       |     4 |     7 ||    11
   Stab: Sleeping          |     1 |     1 |       ||     2
 Armour: Animal skin       |    26 |    55 |       ||    81
         Troll leather arm |       |     5 |    63 ||    68
  Dodge: Dodged            |    41 |    92 |   106 ||   239

Table legend: (Time is in decaauts)
 A = Elapsed time spent in this place.
 B = Non-inter-level travel time spent in this place.
 C = Inter-level travel time spent in this place.
 D = Time resting spent in this place.
 E = Time spent auto-exploring this place.
 F = Levels seen in this place.
 G = Mean time per level.
                   A        B        C        D        E       F      G
               +--------+--------+--------+--------+--------+-----+--------+
         Total |   5862 |   5755 |    107 |    145 |   4170 |  10 |  586.2 |
       Dungeon |   5372 |   5270 |    102 |    145 |   3833 |   7 |  767.4 |
        Temple |     10 |      5 |      5 |      0 |      0 |   1 |   10.0 |
         Sewer |    320 |    320 |      0 |      0 |    255 |   1 |  320.0 |
        Bailey |    158 |    158 |      0 |      0 |     82 |   1 |  158.0 |
               +--------+--------+--------+--------+--------+-----+--------+

Top non-repeatable levels by time:
     D:6: 1315 daAuts
     D:1: 979 daAuts
     D:4: 927 daAuts
     D:2: 714 daAuts
     D:5: 709 daAuts
     D:3: 657 daAuts
   Sewer: 320 daAuts
  Bailey: 158 daAuts
     D:7: 68 daAuts
  Temple: 10 daAuts
